Map: Invader LE

Players

AboveDeath - Winner!

  • Race: Terran Terran
  • League: Platinum

capac

  • Race: Terran Terran
  • League: Gold

VOD

Have the link to the VOD?

Description

Time

  • Played on: April 25, 2016, 9:20 p.m.
  • Length: 7:30
Show
View Real Time Build Order
Export as new Build Order

AboveDeath Terran - Winner!

Build Orders: 1/1/1, Banshee Rush 

Get SALT Encoding   

  12  0:01  SCV  
  13  0:13  SCV  
  14  0:18  Supply Depot  
  14  0:25  SCV  
  15  0:32  Refinery  
  15  0:42  Barracks  
  15  0:45  SCV  
  16  0:53  Refinery  
  16  0:57  SCV  
  17  1:09  SCV  
  18  1:21  SCV  
  19  1:30  Factory  
  19  1:37  Supply Depot  
  19  1:38  Reaper  
  20  1:53  Orbital Command  
  20  2:14  Starport  
  20  2:15  Factory Tech Lab  
  20  2:18  Marine  
  21  2:28  SCV  
  22  2:36  Marine  
  23  3:02  Banshee  
  23  3:03  Cloaking Field  
  23  3:04  Barracks Tech Lab  
  23  3:05  SCV  
  27  3:11  Bunker  
  27  3:17  SCV  
  28  3:20  Supply Depot  
  28  3:29  SCV  
  29  3:45  Banshee  
  32  3:58  Command Center  
  32  4:08  Factory Tech Lab  
  32  4:10  Marauder  
  32  4:13  Stimpack  
  34  4:58  Marauder  
  36  5:00  Siege Tank  
  39  5:21  Orbital Command  
  39  5:55  Marine  
  39  5:56  Siege Tank  
  43  5:57  Viking  
  43  6:02  Starport  
  42  6:08  SCV  
  40  6:13  Marine  
  41  6:20  SCV  
  41  6:23  Orbital Command  
  42  6:27  Viking  
  42  6:28  Siege Tank  
  47  6:33  Supply Depot  
  47  6:35  Supply Depot  
  47  6:41  Marauder  
  47  6:43  Starport Reactor  
  47  6:46  Supply Depot  
  49  6:52  SCV x2  
Show
View Real Time Build Order
Export as new Build Order

capac Terran 

Build Orders: Reaper Expand 

Get SALT Encoding   

  12  0:03  SCV  
  13  0:15  SCV  
  13  0:20  Supply Depot  
  14  0:30  SCV  
  15  0:42  SCV  
  16  0:45  Barracks  
  16  0:49  Refinery  
  16  0:55  SCV  
  17  1:08  SCV  
  18  1:20  SCV  
  19  1:32  Orbital Command  
  19  1:34  Reaper  
  20  1:53  Command Center  
  20  1:59  SCV  
  21  2:08  Marine  
  22  2:17  Factory  
  22  2:19  Refinery  
  22  2:30  Barracks Tech Lab  
  22  2:31  SCV  
  22  2:44  Barracks  
  21  2:52  Marine  
  21  2:57  SCV  
  23  3:14  Factory Tech Lab  
  23  3:33  SCV  
  23  3:35  Marine  
  24  3:45  SCV  
  25  3:53  Orbital Command  
  25  3:57  Bunker  
  25  3:59  SCV  
  25  4:01  Barracks Tech Lab  
  26  4:03  Siege Tank  
  29  4:11  SCV  
  29  4:12  Starport  
  29  4:16  Barracks  
  30  4:17  Engineering Bay  
  30  4:23  SCV  
  20  4:57  Missile Turret  
  19  5:00  Starport Reactor  
  19  5:01  Viking  
  17  5:09  Marine  
  17  5:11  Marine  
  16  5:16  Missile Turret  
  16  5:17  Missile Turret  
  16  5:20  Missile Turret  
  12  5:24  SCV  
  12  5:25  SCV  
  12  5:27  Widow Mine, Marine  
  12  5:29  Marine  
  9  5:45  Marine  
  9  5:47  Marine  
  10  5:57  SCV x2  
  11  6:03  Marine  
  12  6:05  Marine  
  12  6:09  SCV x2  
  15  6:35  SCV  
  16  6:50  Missile Turret  
  16  6:51  SCV  
  16  6:53  SCV  
Tags
 
Add a new tag
Caveats
  • Supply blocks, unpowered buildings, or Contaminate may cause inaccurate times.
  • Supply counts are checked every 10 seconds.